 Dungeon Crawl Stone Soup version 0.30-a0-219-gf2db51d15e (webtiles) character file.

Game seed: 7822642076195218203

231 Decritt the Grave Robber (level 5, -1/30 HPs)
             Began as a Vampire Necromancer on Oct 7, 2022.
             Slain by an orc
             ... wielding a +0 hand axe
              (3 damage)
             ... on level 4 of the Dungeon.
             The game lasted 00:09:44 (3977 turns).

Decritt the Grave Robber (Vampire Necromancer)      Turns: 3977, Time: 00:09:44

Health: -1/30      AC:  4    Str: 10 (13) XL:     5   Next: 73%
Magic:  1/9        EV: 13    Int: 20      God:
Gold:   180        SH:  0    Dex: 11 (14) Spells: 6/10 levels left

rFire   . . .      SeeInvis +    l - +1 dagger (vorpal)
rCold   . . .      Faith    .    (no shield)
rNeg    . . .      Spirit   .    a - +0 robe
rPois   .          Reflect  .    (no helmet)
rElec   .          Harm     .    (no cloak)
rCorr   .          Rampage  .    (no gloves)
Will    .....                    q - +1 pair of boots
Stlth   ++........               (no amulet)
HPRegen 0.45/turn                n - +6 ring of strength
MPRegen 0.11/turn                (no ring)

@: healing quickly
A: alive, fangs 3, see invisible, vampiric 2, [frail 2]
a: Exsanguinate


You were on level 4 of the Dungeon.
You visited 1 branch of the dungeon, and saw 4 of its levels.

You collected 180 gold pieces.

Inventory:

Hand Weapons
 i - a +0 hand axe
 l - a +1 vorpal dagger (weapon)
Armour
 a - a +0 robe (worn)
 q - a +1 pair of boots (worn)
Jewellery
 n - a +6 ring of strength (left hand)
Scrolls
 c - 2 scrolls of poison {unknown}
 o - 2 scrolls of enchant armour
Potions
 b - 2 potions of magic
 d - a potion of curing {unknown}
 e - 2 potions of lignification {unknown}
 f - 2 potions of flight
 g - a potion of attraction {unknown}
 h - 2 potions of invisibility
 j - a potion of ambrosia {unknown}
 s - a potion of heal wounds
 t - 3 potions of degeneration
 u - a potion of resistance {unknown}


   Skills:
 + Level 2.3 Fighting
 + Level 3.8 Dodging
 - Level 3.0 Stealth
 + Level 3.2 Spellcasting
 + Level 5.4 Necromancy


You had 6 spell levels left.
You knew the following spells:

 Your Spells              Type           Power      Damage    Failure   Level
a - Necrotise             Necr           96%        1d8       1%          1
b - Vampiric Draining     Necr           24%        2d7       4%          3

Your spell library contained the following spells:

 Spells                   Type           Power      Damage    Failure   Level
 Freeze                   Ice            12%        1d4       14%         1
 Animate Dead             Necr           24%        N/A       16%         4
 Dazzling Flash           Conj/Hex       6%         N/A       38%         3
 Frozen Ramparts          Ice            6%         1d1       38%         3
 Hailstorm                Conj/Ice       3%         3d3       38%         3
 Agony                    Necr           24%        N/A       38%         5
 Iskenderun's Mystic Bla  Conj/Tloc      3%         2d3       80%         4
 Starburst                Conj/Fire      1%         6d3       100%        6


Dungeon Overview and Level Annotations

Branches:
Dungeon (4/15)
 Temple: D:4-7

Altars:
Dithmenos
Qazlal
Vehumet

Shops:
D:2 (

Annotations:
D:3 3 runed translucent doors, kelmiir's ghost, weakling GnRe
D:4 1 runed translucent door, crabbyslav's ghost, amateur KoBr


Innate Abilities, Weirdness & Mutations

Your natural rate of healing is accelerated.
You have razor-sharp teeth.
You have supernaturally acute eyesight. (SInv)
You are afflicted with vampirism and can become a bat while bloodless.
[You are very frail. (-20% HP)]


Message History

Casting: Necrotise (safe; 1% risk of failure)
Confirm with . or Enter, or press ? or * to list all spells.
Aiming: Necrotise (safe; 1% risk of failure)
Press: ? - help, Shift-Dir - straight line, f - giant cockroach
Aim: a giant cockroach (chance to affect: 92%)
The giant cockroach writhes in agony.
You kill the giant cockroach!
The gnoll misses you.
A necrophage comes into view.
A ball python comes into view.
Casting: Necrotise (safe; 1% risk of failure)
Confirm with . or Enter, or press ? or * to list all spells.
Aiming: Necrotise (safe; 1% risk of failure)
Press: ? - help, Shift-Dir - straight line, f - gnoll
Aim: a gnoll, wielding a +0 spear (chance to affect: 88%)
The gnoll writhes in agony.
The gnoll hits you from afar with a +0 spear.
* * * LOW HITPOINT WARNING * * *
The gnoll hits you from afar with a +0 spear.
* * * LOW HITPOINT WARNING * * *
You see here a jackal corpse.
The gnoll barely misses you. The orc misses you.
You see here a jackal corpse.
Casting: Necrotise (safe; 1% risk of failure)
Confirm with . or Enter, or press ? or * to list all spells.
Aiming: Vampiric Draining (dangerous; 4% risk of failure)
Press: ? - help, Shift-Dir - straight line, f/p - gnoll
Aim: a gnoll, wielding a +0 spear (lightly wounded)
You draw life force from the gnoll.
You feel life coursing into your body. The gnoll hits you with a +0 spear!
* * * LOW HITPOINT WARNING * * *
The orc hits you with a +0 hand axe.
* * * LOW HITPOINT WARNING * * *
You hit the gnoll.
The gnoll is severely wounded.
The gnoll closely misses you. The orc barely misses you.
You hit the gnoll.
You kill the gnoll!
The orc hits you with a +0 hand axe.
You die...

.... ######.#####
.##........#########
....o......##.(....#
##o..B.....##......# #
##.###.######......# .##
....##.######......#######..S
##..........#...†o.........##
..#.............@)l..........
..####.####...####...........
.. #.# ###..# #..........# ..
#.# ##)###.........n# .. #.#
#.#.........#..# .. #.#
#l#.........#.# #.#
#o#...........# #.#
#g#...........# #.#
#.#.........#.# .


You could see an iguana and an orc.

Vanquished Creatures
  3 orc wizards (D:3)
  3 gnolls (D:4)
  7 adders
  A dart slug (D:3)
  5 orcs
  10 ball pythons
  5 bats
  3 endoplasms
  2 giant cockroaches
  3 goblins
  4 hobgoblins
  4 jackals
  5 kobolds
  3 frilled lizards (D:3)
  4 rats
  A spectral hobgoblin (D:1)
63 creatures vanquished.

Vanquished Creatures (collateral kills)
  An orc (D:3)
  An endoplasm (D:2)
  2 jackals
  A ball python (D:2)
5 creatures vanquished.

Grand Total: 68 creatures vanquished

Notes
Turn   | Place    | Note
-------+----------+-------------------------------------------
     0 | D:1      | Decritt the Vampire Necromancer began the quest for the
                  | Orb.
     0 | D:1      | Reached XP level 1. HP: 13/13 MP: 3/3
   352 | D:1      | Reached XP level 2. HP: 20/20 MP: 3/5
   454 | D:1      | Found a faded altar of an unknown god.
   955 | D:2      | Reached skill level 1 in Fighting
  1035 | D:2      | Gained mutation: You are afflicted with vampirism and can
                  | become a bat while bloodless. [Vampire growth]
  1035 | D:2      | Reached XP level 3. HP: 26/26 MP: 1/6
  1372 | D:2      | Found Kydufum's Antique Weapon Emporium.
  2112 | D:3      | Found a stormy altar of Qazlal.
  2117 | D:3      | Reached XP level 4. HP: 22/22 MP: 3/7
  2310 | D:3      | Reached skill level 5 in Necromancy
  2315 | D:3      | Reached XP level 5. HP: 19/26 MP: 9/9
  3202 | D:3      | Found a runed translucent gate.
  3204 | D:3      | Found a runed translucent gate.
  3206 | D:3      | Found a runed translucent gate.
  3207 | D:3      | Noticed kelmiir's ghost (weakling GnRe)
  3398 | D:3      | Found a radiant altar of Vehumet.
  3740 | D:4      | Found a shadowy altar of Dithmenos.
  3767 | D:4      | Found a runed translucent door.
  3767 | D:4      | Noticed crabbyslav's ghost (amateur KoBr)
  3858 | D:4      | Learned a level 3 spell: Vampiric Draining
  3975 | D:4      | HP: 1/30 [orc/+0 hand axe (2)]
  3977 | D:4      | Slain by an orc

Illustrated notes

Levels and vault maps discovered:
D:1:      lightli_arrival_chessboard, layout_rooms,
          dreamdust_ecumenical_altar_drowned_temple, dreamdust_princess_bridge
D:2:      layout_loops_corners, serial_shops, shop_statue,
          chequers_serial_rivers_room_a
D:3:      layout_loops_corners, mainiacjoe_overflow_24_doors,
          mainiacjoe_overflow_tiny_flanked, gammafunk_ghost_necromancy,
          kennysheep_small_spiral, minmay_starry_boxes
D:4:      layout_basic, lemuel_doored_altar, grunt_dithmenos_smoke_and_mirrors,
          hellmonk_ghost_happy_afterlife, uniq_pikel, uniq_blork_the_orc

Skill      XL: |  1  2  3  4  5 |
---------------+----------------+-----
Fighting       | 1 2 |  2.3
Dodging        | 3 |  3.8
Necromancy     | 5 |  5.4
Spellcasting   | 3 |  3.2
Stealth        | |  3.0

Action                   |  1- 3 |  4- 6 || total
-------------------------+-------+-------++-------
Melee: Unarmed           |     8 |       ||     8
       Hand axe          |     6 |       ||     6
       Dagger            |    10 |    70 ||    80
       Punch             |     1 |       ||     1
       Bite              |     1 |     5 ||     6
 Cast: Necrotise         |    50 |    46 ||    96
       Vampiric Draining |       |     4 ||     4
 Abil: Bat Form          |     2 |       ||     2
       Exsanguinate      |     2 |       ||     2
       Revivify          |     1 |     1 ||     2
       End Transformatio |     1 |       ||     1
  Use: Scroll            |       |    10 ||    10
Armor: Robe              |     7 |    25 ||    32
Dodge: Dodged            |    27 |    66 ||    93

Table legend: (Time is in decaauts)
 A = Elapsed time spent in this place.
 B = Non-inter-level travel time spent in this place.
 C = Inter-level travel time spent in this place.
 D = Time resting spent in this place.
 E = Time spent auto-exploring this place.
 F = Levels seen in this place.
 G = Mean time per level.
                   A        B        C        D        E       F      G
               +--------+--------+--------+--------+--------+-----+--------+
         Total |   3967 |   3894 |     73 |    506 |   2806 |   4 |  991.8 |
       Dungeon |   3967 |   3894 |     73 |    506 |   2806 |   4 |  991.8 |
               +--------+--------+--------+--------+--------+-----+--------+

Top non-repeatable levels by time:
     D:3: 1671 daAuts
     D:2: 1309 daAuts
     D:1: 691 daAuts
     D:4: 294 daAuts
